AoeStats
← JamesNewstedd

Migration

505476426Analyzed
1v1 RM · 23d ago on Sep 9, 2026· 30m 12s· 2 players
Game mode
Random Map
Map size
132×132
Population
200
Speed
Normal
Resources
Standard
Victory
Conquest
Starting age
Dark Age
Ending age
Imperial Age
RankedLock teamsTeams togetherTeam positionsShared explorationLock speedFull tech treeHidden civsTurbo modeCheats
Victory
Defeat
🇩🇪 Wei · Germany
1744
+19
🇩🇪 Berbers · Germany
1799
-19
Lemon
12:11 Feudal Age
13:05 Double-Bit Axe
16:11 Castle Age
14:26 Fishing Lines
14:28 Horse Collar
17:07 Medium Warships
17:14 Bow Saw
17:11 Loom
18:01 Wheelbarrow
17:12 Town Watch
19:52 Careening
21:14 Gillnets
21:42 Clinker Construction
22:23 Forging
23:35 Stone Mining
23:41 Gold Mining
24:22 Fletching
25:50 Bodkin Arrow
27:41 Ballistics
JamesNewstedd
7:56 Loom
12:28 Feudal Age
13:54 Double-Bit Axe
16:27 Castle Age
14:20 Fishing Lines
15:03 Gold Mining
17:25 Bow Saw
18:00 Medium Warships
18:15 Forging
21:27 Wheelbarrow
23:37 Fletching
23:44 Stone Mining
24:41 Horse Collar
Connection lost

Rejoining the realm…

Still unreachable

The connection could not be restored.

Session expired

The server has moved on; the page needs a fresh start.